 Dungeon Sprint DCSS version 0.16-a0-331-g39fd2ee (webtiles) character file.

9182 PolkaDot the Brawler (level 11, -4/131 HPs)
             Began as a Troll Monk on Sept 6, 2014.
             Was the Champion of Cheibriados.
             Shot with a bolt by an orc knight (7 damage)
             ... in the Dungeon (Sprint IX: "|||||||||||||||||||||||||||||").
             The game lasted 00:09:17 (976 turns).

PolkaDot the Brawler (Troll Monk)                    Turns: 976, Time: 00:09:17

HP  -4/131       AC  8     Str 36      XL: 11   Next: 19%
MP   4/4         EV 29     Int 21      God: Cheibriados [******]
Gold 1262        SH  0     Dex 38      Spells:  0 memorised, 10 levels left

rFire  . . .     SeeInvis .       - Unarmed
rCold  . . .     Clarity  .     a - +0 robe
rNeg   . . .     rCorr    .     (shield restricted)
rPois  .         rRot     .     (helmet restricted)
rElec  .         Spirit   .     y - +0 cloak
SustAb .         Warding  .     (gloves unavailable)
rMut   .         NoTele   +     (boots unavailable)
Gourm  +                        (no amulet)
MR     .....                    n - +2 ring of protection
                                m - +3 ring of dexterity

@: agile, very slow, not resistant to hostile enchantments, stealthy
A: unfitting armour, claws 3, fast metabolism 3, gourmand, regeneration 2,
saprovore 2, shaggy fur 1, tough skin 2
a: Bend Time, Temporal Distortion, Slouch, Step From Time, Renounce Religion


You were in the Dungeon.
You worshipped Cheibriados.
Cheibriados was exalted by your worship.
You were very full.

You visited 1 branch You collected 1262 gold pieces.

Inventory:

Armour
 a - a +0 robe (worn)
 y - a +0 cloak (worn)
Magical devices
 l - a wand of cold (0)
Comestibles
 b - 15 meat rations
 d - 10 rotting chunks of orc flesh
 i - 4 rotting chunks of orc flesh
 o - 4 chunks of orc flesh
 v - 3 rotting chunks of orc flesh
 w - 6 rotting chunks of orc flesh
 x - 5 rotting chunks of orc flesh
 z - 3 chunks of orc flesh
 E - 42 fruits
 F - 12 bread rations
Scrolls
 h - 2 scrolls of blinking
 j - 5 scrolls of remove curse
 k - 2 scrolls of amnesia
 s - 2 scrolls of identify
 t - 6 scrolls of enchant armour
 u - 2 scrolls of enchant weapon
Jewellery
 m - a +3 ring of dexterity (left claw)
 n - a +2 ring of protection (right claw)
Potions
 c - 4 potions of curing
 e - a potion of haste
 f - 4 potions of magic
 g - a potion of berserk rage
 q - a potion of cure mutation {!q}
 r - a potion of resistance


   Skills:
 + Level 14.6 Fighting
 + Level 10.6 Dodging
 - Level 1.1 Stealth
 + Level 17.1 Unarmed Combat
 + Level 0.0 Invocations


You had 10 spell levels left.
You didn't know any spells.

Dungeon Overview and Level Annotations

Branches:
Dungeon (1/1)

Altars:
Cheibriados
Dithmenos
Elyvilon
Fedhas
Gozag
Kikubaaqudgha
Makhleb
Nemelex Xobeh
Okawaru
Qazlal
Sif Muna
Trog
Vehumet
Xom
Yredelemnul
Zin
The Shining One
Beogh
Jiyva
Lugonu

Shops:
D [%[


Innate Abilities, Weirdness & Mutations

You are too large for most types of armour.
You have claws for hands.
Your metabolism is lightning-fast.
You like to eat raw meat.
You heal very quickly.
You can eat rotten meat.
You are covered in fur (AC +1).
You have very tough skin (AC +2).


Message History

Things that are here:
a bolt; 50 gold pieces Adjust (i)tems, (s)pells, or (a)bilities?
Adjust which ability?
No such ability.
Adjust (i)tems, (s)pells, or (a)bilities?
Adjust which ability?
No such ability.
Unknown command.
Use which ability? (? or * to list)
You don't have enough magic capacity.
Adjust (i)tems, (s)pells, or (a)bilities?
Adjust which ability?
No such ability.
Unknown command.
The orc knight shoots a bolt.
The bolt hits you!
* * * LOW HITPOINT WARNING * * *
The bolt freezes you!
* * * LOW HITPOINT WARNING * * *
You die...

▓)▓.▓.▓.▓o▓
▓)▓.▓.▓.▓o▓
▓.▓.▓.▓.▓∩▓
▓.▓.▓.▓.▓.▓
▓[▓.▓.▓.▓∩▓
▓[▓.▓.▓.▓.▓
▓[▓.▓.▓.▓.▓
▓)▓.▓.▓.▓(▓
▓(▓.▓.▓.▓@▓
▓.▓.▓%▓.▓(▓
▓.▓.▓.▓.▓)▓
▓'▓.▓.▓.▓(▓
▓_▓.▓.▓.▓.▓
▓_▓.▓.▓.▓.▓
▓_▓.▓.▓.▓.▓
▓_▓.▓.▓.▓.▓
▓_▓.▓.▓.▓.▓


You could see an orc knight and an orc high priest (wandering).

Vanquished Creatures
  A death yak (D)
  An orc high priest (D)
  7 orc knights (D)
  An orc sorcerer (D)
  A black mamba (D)
  A red devil (D)
  5 polar bears (D)
  A two-headed ogre (D)
  A yak (D)
  2 hippogriffs (D)
  2 porcupines (D)
  2 water moccasins (D)
  A sky beast (D)
  9 orc warriors (D)
  2 ogres (D)
  A centaur (D)
  4 black bears (D)
  3 crocodiles (D)
  4 giant frogs (D)
  An eye of draining (D)
  A crimson imp (D)
  2 orc priests (D)
  4 orc wizards (D)
  A worker ant (D)
  2 adders (D)
  8 orcs (D)
  2 goblins (D)
  A hobgoblin (D)
  A jackal (D)
  A giant cockroach zombie (D)
  A giant newt (D)
  A goblin zombie (D)
  A kobold (D)
  3 quokkas (D)
  A rat (D)
80 creatures vanquished.

Notes
Turn   | Place    | Note
--------------------------------------------------------------
     0 | D        | PolkaDot, the Troll Monk, began the quest for the Orb.
     0 | D        | Reached XP level 1. HP: 22/22 MP: 1/1
    55 | D        | Noticed a worker ant
    55 | D        | Noticed a crimson imp
    59 | D        | Killed a worker ant
    59 | D        | Reached skill level 5 in Unarmed Combat
    59 | D        | Reached XP level 2. HP: 16/32 MP: 1/1
    62 | D        | Killed a crimson imp
    62 | D        | Reached skill level 5 in Fighting
    62 | D        | Reached skill level 6 in Unarmed Combat
    62 | D        | Reached XP level 3. HP: 19/42 MP: 2/2
    69 | D        | Reached skill level 7 in Unarmed Combat
    69 | D        | Reached XP level 4. HP: 27/50 MP: 2/2
    90 | D        | Found a glowing silver altar of Zin.
    90 | D        | Found a glowing golden altar of the Shining One.
    90 | D        | Found an ancient bone altar of Kikubaaqudgha.
    90 | D        | Found a basalt altar of Yredelemnul.
    90 | D        | Found a shimmering altar of Xom.
    90 | D        | Found a radiant altar of Vehumet.
    90 | D        | Found an iron altar of Okawaru.
    91 | D        | Found a burning altar of Makhleb.
    92 | D        | Found a deep blue altar of Sif Muna.
    93 | D        | Found a bloodstained altar of Trog.
    94 | D        | Found a sparkling altar of Nemelex Xobeh.
    95 | D        | Found a white marble altar of Elyvilon.
    96 | D        | Found a roughly hewn altar of Beogh.
    97 | D        | Found a viscous altar of Jiyva.
    98 | D        | Found a corrupted altar of Lugonu.
    99 | D        | Found a blossoming altar of Fedhas.
   100 | D        | Found a snail-covered altar of Cheibriados.
   101 | D        | Found a shadowy altar of Dithmenos.
   102 | D        | Found a stormy altar of Qazlal.
   103 | D        | Found an opulent altar of Gozag.
   141 | D        | Became a worshipper of Cheibriados the Contemplative
   163 | D        | Noticed a centaur
   163 | D        | Noticed an ogre
   163 | D        | Noticed a sky beast
   170 | D        | Killed a sky beast
   170 | D        | Reached skill level 8 in Unarmed Combat
   170 | D        | Reached XP level 5. HP: 32/61 MP: 2/2
   172 | D        | Killed an ogre
   172 | D        | Reached skill level 9 in Unarmed Combat
   176 | D        | Killed a centaur
   176 | D        | Acquired Cheibriados' first power
   176 | D        | Reached skill level 10 in Unarmed Combat
   176 | D        | Reached XP level 6. HP: 33/74 MP: 3/3
   182 | D        | Acquired Cheibriados' second power
   230 | D        | Noticed an ogre
   230 | D        | Noticed an eye of draining
   230 | D        | Noticed a giant frog
   230 | D        | Noticed a hippogriff
   230 | D        | Noticed a two-headed ogre
   236 | D        | Killed a two-headed ogre
   236 | D        | Reached skill level 11 in Unarmed Combat
   236 | D        | Reached XP level 7. HP: 70/83 MP: 0/3
   238 | D        | Killed a hippogriff
   242 | D        | Killed a giant frog
   242 | D        | Acquired Cheibriados' third power
   242 | D        | Reached skill level 10 in Fighting
   242 | D        | Reached skill level 12 in Unarmed Combat
   244 | D        | Killed an eye of draining
   245 | D        | Killed an ogre
   369 | D        | Noticed a yak
   369 | D        | Noticed a porcupine
   369 | D        | Noticed a hippogriff
   369 | D        | Noticed a giant frog
   369 | D        | Noticed a black mamba
   369 | D        | Noticed a crocodile
   370 | D        | Killed a crocodile
   374 | D        | Killed a black mamba
   374 | D        | Reached skill level 13 in Unarmed Combat
   374 | D        | Reached XP level 8. HP: 95/97 MP: 3/3
   375 | D        | Noticed a polar bear
   377 | D        | Killed a giant frog
   378 | D        | Noticed a death yak
   381 | D        | Killed a hippogriff
   384 | D        | Killed a porcupine
   390 | D        | Killed a yak
   391 | D        | Killed a polar bear
   399 | D        | Killed a death yak
   399 | D        | Reached skill level 14 in Unarmed Combat
   399 | D        | Reached XP level 9. HP: 72/107 MP: 4/4
   434 | D        | Noticed a water moccasin
   434 | D        | Noticed a crocodile
   434 | D        | Noticed a giant frog
   434 | D        | Noticed a porcupine
   434 | D        | Noticed a water moccasin
   438 | D        | Killed a water moccasin
   440 | D        | Noticed a giant frog
   444 | D        | Noticed a crocodile
   444 | D        | Killed a porcupine
   448 | D        | Killed a giant frog
   450 | D        | Killed a crocodile
   452 | D        | Killed a water moccasin
   454 | D        | Killed a giant frog
   456 | D        | Killed a crocodile
   484 | D        | Noticed a polar bear
   484 | D        | Noticed a black bear
   484 | D        | Noticed a polar bear
   484 | D        | Noticed a black bear
   484 | D        | Noticed a black bear
   484 | D        | Noticed a polar bear
   484 | D        | Noticed a polar bear
   491 | D        | Killed a polar bear
   493 | D        | Killed a polar bear
   493 | D        | Reached skill level 15 in Unarmed Combat
   497 | D        | Killed a polar bear
   499 | D        | Killed a polar bear
   499 | D        | Reached XP level 10. HP: 85/119 MP: 4/4
   502 | D        | Killed a black bear
   503 | D        | Killed a black bear
   504 | D        | Killed a black bear
   505 | D        | Noticed a black bear
   514 | D        | Killed a black bear
   655 | D        | Noticed an orc priest
   655 | D        | Noticed an orc wizard
   655 | D        | Noticed an orc wizard
   659 | D        | Killed an orc wizard
   660 | D        | Noticed an orc wizard
   661 | D        | Killed an orc wizard
   667 | D        | Killed an orc priest
   670 | D        | Killed an orc wizard
   671 | D        | Noticed an orc warrior
   673 | D        | Noticed an orc wizard
   677 | D        | Killed an orc warrior
   679 | D        | Killed an orc wizard
   741 | D        | Noticed an orc warrior
   741 | D        | Noticed an orc warrior
   741 | D        | Noticed an orc warrior
   741 | D        | Noticed an orc warrior
   741 | D        | Noticed an orc warrior
   741 | D        | Noticed an orc knight
   741 | D        | Noticed an orc priest
   742 | D        | Noticed an orc sorcerer
   745 | D        | Noticed an orc knight
   745 | D        | Killed an orc knight
   749 | D        | Killed an orc warrior
   751 | D        | Killed an orc priest
   752 | D        | Killed an orc warrior
   753 | D        | Noticed an orc warrior
   756 | D        | Killed an orc warrior
   757 | D        | Noticed an orc warrior
   758 | D        | HP: 4/119 [orc sorcerer/bolt of fire (18)]
   763 | D        | Noticed an orc warrior
   763 | D        | Killed an orc sorcerer
   763 | D        | Reached skill level 16 in Unarmed Combat
   769 | D        | Killed an orc knight
   783 | D        | Killed an orc warrior
   786 | D        | Killed an orc warrior
   787 | D        | Killed an orc warrior
   789 | D        | Killed an orc warrior
   794 | D        | Killed an orc warrior
   946 | D        | Found Mocvipt's Armour Boutique.
   946 | D        | Noticed an orc high priest
   946 | D        | Noticed an orc knight
   946 | D        | Noticed an orc knight
   946 | D        | Noticed an orc knight
   946 | D        | Noticed an orc knight
   946 | D        | Noticed an orc knight
   948 | D        | Killed an orc knight
   952 | D        | Noticed a sixfirhy
   952 | D        | Noticed a soul eater
   957 | D        | Killed an orc knight
   957 | D        | Reached skill level 10 in Dodging
   961 | D        | Killed an orc knight
   961 | D        | Reached XP level 11. HP: 84/130 MP: 4/4
   961 | D        | Killed an orc knight
   962 | D        | Noticed a soul eater
   963 | D        | Killed an orc knight
   964 | D        | Killed an orc high priest
   964 | D        | Reached skill level 17 in Unarmed Combat
   965 | D        | Found Qireop's Food Shop.
   971 | D        | Noticed an orc knight
   972 | D        | Found Gasoado's Antique Armour Boutique.
   972 | D        | Noticed an orc high priest
   976 | D        | Noticed an orc high priest
   976 | D        | HP: 3/131 [orc knight/ bolt (7)]
   976 | D        | Shot with a bolt by an orc knight

Action                   |  1- 3 |  4- 6 |  7- 9 | 10-12 || total
-------------------------+-------+-------+-------+-------++-------
Melee: Unarmed           |    26 |    21 |    70 |    66 ||   183
Evoke: Wand              |       |       |       |     7 ||     7
  Use: Potion            |       |       |       |     8 ||     8
 Stab: Invisible         |       |       |       |     4 ||     4
  Eat: Chunk             |     4 |     2 |     3 |     2 ||    11
